Map: [ESL] Inside and Out

Players

Reynor - Winner!

  • Race: Zerg Zerg
  • Spawn Location: 7:00

Spirit

  • Race: Terran Terran
  • Spawn Location: 1:00

Event: DreamHack SC2 Masters 2022 Atlanta (Online)

VOD

Have the link to the VOD?

Description

Time

  • Played on: Sept. 28, 2022, 2:12 p.m.
  • Length: 14:04

All games in this series

Show
View Real Time Build Order
Export as new Build Order

Reynor Zerg - Winner!

Build Orders: Pool First 

Get SALT Encoding   

  12  0:00  Drone  
  13  0:12  Overlord  
  13  0:17  Drone  
  14  0:30  Drone x2  
  14  0:33  Drone  
  17  0:43  Extractor  
  17  0:44  Drone  
  17  0:50  Spawning Pool  
  17  0:55  Drone  
  17  1:06  Drone  
  18  1:21  Drone  
  18  1:22  Hatchery  
  18  1:37  Zergling x2, Queen  
  21  1:42  Metabolic Boost  
  21  1:49  Overlord  
  21  1:53  Drone  
  22  2:07  Drone  
  23  2:11  Drone  
  23  2:13  Queen  
  26  2:21  Zergling x2  
  27  2:32  Drone  
  27  2:35  Hatchery  
  27  2:36  Zergling x2  
  28  2:43  Zergling x2  
  29  2:44  Drone  
  29  2:48  Drone x2  
  32  2:51  Drone  
  32  2:55  Overlord  
  33  2:58  Drone  
  34  3:06  Queen  
  36  3:13  Drone  
  36  3:14  Drone  
  36  3:15  Drone  
  36  3:18  Drone  
  40  3:21  Overlord  
  40  3:24  Drone x2  
  42  3:28  Drone  
  42  3:35  Overlord  
  42  3:39  Queen, Drone x2  
  46  3:43  Queen  
  46  3:47  Queen  
  50  3:50  Drone  
  50  3:52  Drone  
  50  3:53  Drone  
  53  3:57  Drone  
  53  4:01  Drone x2  
  56  4:03  Drone x2  
  56  4:04  Drone  
  56  4:08  Overlord  
  59  4:14  Drone x2  
  59  4:15  Drone x3  
  64  4:22  Lair  
  64  4:26  Drone x2  
  64  4:27  Drone  
  64  4:28  Baneling Nest, Extractor  
  64  4:30  Queen  
  67  4:32  Drone  
  67  4:35  Overlord  
  67  4:36  Drone  
  69  4:41  Zergling x2  
  69  4:44  Queen  
  72  4:46  Zergling x2  
  72  4:48  Spore Crawler, Overlord  
  72  4:49  Drone  
  73  4:53  Drone x2  
  73  4:54  Drone x2, Overlord  
  78  5:00  Zergling x4  
  78  5:02  Overlord  
  79  5:10  Spore Crawler x2  
  77  5:16  Drone x5  
  77  5:18  Overlord  
  77  5:20  Overseer  
  77  5:21  Overseer  
  82  5:22  Drone  
  82  5:23  Drone  
  82  5:26  Queen  
  82  5:27  Hatchery  
  85  5:35  Drone x5  
  90  5:36  Overlord  
  90  5:39  Centrifugal Hooks, Extractor  
  89  5:43  Spore Crawler, Zergling x6  
  89  5:45  Drone  
  89  5:47  Overlord  
  92  5:51  Drone x2  
  92  5:55  Drone x3, Extractor  
  92  5:56  Evolution Chamber  
  92  5:57  Drone x2, Evolution Chamber  
  96  5:59  Drone x2  
  96  6:03  Overlord  
  98  6:04  Drone  
  98  6:07  Drone  
  98  6:08  Drone x2  
  98  6:10  Drone  
  103  6:13  Drone  
  103  6:15  Drone  
  104  6:24  Drone x2  
  104  6:26  Drone  
  104  6:28  Zerg Ground Armor Level 1, Zerg Melee Weapons Level 1  
  105  6:33  Zergling x2  
  105  6:39  Drone x6  
  111  6:41  Queen, Extractor  
  111  6:42  Drone x4  
  111  6:43  Drone  
  111  6:44  Drone x2, Extractor  
  118  6:48  Overlord  
  118  6:50  Drone x2  
  119  6:55  Drone  
  119  6:58  Zergling x2  
  121  7:02  Zergling x2  
  121  7:03  Zergling x2  
  121  7:05  Spore Crawler, Overlord  
  121  7:09  Zergling x4  
  121  7:11  Drone x3  
  121  7:12  Drone  
  121  7:13  Spore Crawler, Zergling x6  
  129  7:20  Drone  
  129  7:21  Zergling x6  
  129  7:22  Hydralisk Den  
  132  7:23  Zergling x6  
  132  7:28  Hatchery, Overlord  
  132  7:29  Zergling x4  
  136  7:31  Zergling x2  
  136  7:34  Baneling x9  
  136  7:35  Drone x2  
  139  7:37  Extractor x2  
  139  7:38  Drone  
  139  7:40  Drone x3  
  139  7:42  Spore Crawler, Overlord  
  140  7:44  Baneling x3  
  140  7:46  Zergling x8  
  140  7:47  Zergling x6, Hatchery  
  140  7:50  Zergling x2  
  147  7:54  Muscular Augments  
  147  7:55  Infestation Pit  
  147  7:58  Overlord  
  146  8:06  Overlord  
  146  8:10  Hydralisk x10  
  166  8:13  Baneling x7  
  166  8:14  Overseer  
  166  8:15  Zergling x2  
  166  8:18  Hydralisk  
  166  8:19  Zergling x8  
  173  8:26  Drone x4  
  177  8:29  Zergling x10  
  177  8:31  Zerg Ground Armor Level 2  
  177  8:32  Zerg Melee Weapons Level 2  
  182  8:39  Zergling x4  
  182  8:40  Zergling x2  
  185  8:42  Overlord  
  185  8:44  Zergling x6  
  185  8:48  Hive, Pneumatized Carapace  
  187  8:51  Drone x2  
  187  8:52  Spore Crawler  
  187  8:53  Spore Crawler, Baneling  
  187  8:54  Baneling x7  
  187  9:09  Zergling x2  
  193  9:10  Zergling x22  
  199  9:46  Hatchery  
  199  9:48  Zergling x2  
  199  10:00  Grooved Spines, Adrenal Glands  
  199  10:10  Lurker Den  
  190  10:26  Viper  
  190  10:27  Viper x2  
  168  10:29  Zergling x66  
  168  10:30  Zergling x6  
  168  10:32  Hydralisk  
  168  10:33  Zergling x16  
  168  10:35  Hydralisk  
  194  10:40  Zergling x4  
  194  10:42  Zergling x2  
  194  10:44  Zergling x2  
  194  10:45  Zergling x4  
  194  10:46  Zergling x4  
  199  10:50  Baneling  
  199  10:51  Baneling x22  
  199  10:55  Zerg Ground Armor Level 3, Zerg Melee Weapons Level 3  
  199  11:00  Baneling x11  
  199  11:02  Hatchery  
  198  11:09  Zergling x2  
  198  11:10  Zergling x22  
  197  11:14  Seismic Spines  
  197  11:20  Extractor  
  197  11:22  Extractor  
  195  11:30  Spire x2  
  193  11:38  Zergling x34  
  200  11:43  Baneling x13  
  194  12:12  Extractor  
  194  12:13  Zergling x30, Extractor  
  194  12:20  Zergling x40  
  194  12:26  Hydralisk  
  194  12:27  Zergling x12  
  187  12:32  Zergling x4  
  181  12:37  Zergling x10  
  181  12:39  Baneling x14  
  181  12:43  Drone  
  181  12:44  Drone x2  
  189  12:45  Zergling x16  
  189  12:46  Zergling x4  
  183  13:00  Drone  
  178  13:09  Zergling x2  
  178  13:10  Zergling x38  
  198  13:14  Lurker, Baneling x7  
  198  13:15  Baneling x19  
  198  13:18  Lurker  
Show
View Real Time Build Order
Export as new Build Order

Spirit Terran 

Build Orders: Command Center First (CC), Hellion Banshee 

Get SALT Encoding   

  12  0:00  SCV  
  13  0:12  SCV  
  14  0:17  Supply Depot  
  14  0:25  SCV  
  15  0:38  SCV  
  16  0:50  SCV  
  17  0:58  Command Center  
  17  1:03  SCV  
  18  1:13  Barracks  
  18  1:15  SCV  
  19  1:21  Refinery  
  19  1:27  SCV  
  20  1:33  Refinery  
  20  1:39  SCV  
  21  1:52  SCV  
  22  2:01  Marine  
  23  2:04  Orbital Command  
  23  2:10  Orbital Command  
  23  2:17  Factory  
  23  2:20  Barracks Reactor  
  23  2:32  SCV  
  23  2:36  SCV  
  25  2:44  SCV  
  26  2:48  SCV  
  27  2:56  SCV  
  28  3:00  SCV  
  28  3:04  Supply Depot  
  29  3:08  Hellion, SCV  
  29  3:12  SCV, Command Center  
  31  3:20  SCV  
  31  3:21  Hellion  
  31  3:29  Hellion  
  31  3:31  Starport  
  31  3:34  SCV  
  31  3:38  SCV  
  33  3:42  Barracks Tech Lab  
  33  3:46  SCV  
  34  3:50  SCV  
  34  3:54  Hellion  
  37  3:56  Hellion  
  37  3:58  SCV  
  37  4:02  SCV  
  41  4:08  Barracks Tech Lab  
  41  4:10  SCV  
  41  4:12  Banshee  
  41  4:13  Cloaking Field  
  41  4:14  SCV  
  46  4:24  SCV, Hellion x2  
  51  4:25  Orbital Command  
  51  4:27  SCV  
  51  4:30  Stimpack  
  52  4:32  Marine  
  52  4:36  SCV  
  54  4:39  SCV  
  54  4:41  Supply Depot  
  55  4:48  SCV  
  55  4:51  SCV  
  57  4:53  Barracks, SCV  
  57  4:54  Factory Reactor  
  57  4:56  Barracks  
  58  5:00  Banshee  
  58  5:03  SCV x2  
  58  5:05  SCV, Marine  
  65  5:11  Supply Depot  
  65  5:15  SCV x2  
  65  5:18  Engineering Bay  
  65  5:19  Orbital Command  
  65  5:20  Engineering Bay  
  67  5:25  Refinery, Marine  
  67  5:26  Refinery  
  67  5:27  SCV  
  69  5:33  SCV  
  69  5:35  Supply Depot  
  70  5:39  Supply Depot, SCV  
  70  5:42  Barracks x2  
  71  5:45  SCV  
  71  5:48  SCV  
  73  5:51  SCV  
  73  5:53  Starport Reactor  
  73  5:55  Terran Infantry Armor Level 1, Terran Infantry Weapons Level 1  
  74  5:57  SCV  
  74  5:59  Siege Tank, Marine  
  74  6:01  SCV  
  74  6:02  Marine  
  74  6:04  SCV  
  82  6:08  Marine x3  
  82  6:10  Combat Shield  
  85  6:12  Supply Depot  
  85  6:14  SCV  
  85  6:15  Supply Depot  
  85  6:17  Marine  
  85  6:18  SCV  
  88  6:19  Marine  
  89  6:26  Marine x3  
  89  6:27  SCV  
  89  6:30  Barracks Reactor x2  
  93  6:33  Siege Tank  
  93  6:34  SCV x2  
  93  6:35  Marine  
  93  6:37  Marine  
  93  6:39  SCV  
  101  6:42  Supply Depot  
  101  6:43  Supply Depot  
  101  6:44  Bunker, Medivac x2, Marine  
  101  6:46  SCV x2  
  108  6:48  Marine  
  109  7:00  Command Center  
  109  7:03  Marine x2  
  109  7:04  SCV x3, Marine  
  109  7:08  Siege Tank, Marine  
  118  7:09  Marine  
  118  7:14  Armory, Marine  
  121  7:15  Marine  
  121  7:16  SCV x2  
  121  7:18  SCV  
  121  7:21  Supply Depot  
  125  7:26  Supply Depot  
  125  7:27  Refinery  
  125  7:43  SCV x2, Medivac x2, Marine x2  
  133  7:48  SCV, Siege Tank, Marine x2  
  139  7:53  Refinery  
  139  7:54  Supply Depot  
  139  7:55  SCV  
  139  7:56  Supply Depot  
  140  7:59  SCV  
  140  8:03  Terran Infantry Weapons Level 2  
  140  8:04  Factory  
  141  8:07  Barracks Tech Lab  
  141  8:08  Terran Infantry Armor Level 2  
  141  8:09  Supply Depot x2  
  141  8:12  SCV x3  
  144  8:18  Marauder, Marine  
  145  8:21  Siege Tank  
  145  8:24  SCV x3, Marine  
  152  8:28  Marauder  
  154  8:36  SCV x3  
  154  8:40  Marauder  
  159  8:47  Planetary Fortress  
  158  8:48  SCV x3  
  158  8:50  Factory Tech Lab, Marauder  
  163  8:58  Command Center  
  163  9:00  SCV x2, Sensor Tower  
  163  9:01  SCV, Marauder  
  168  9:03  Sensor Tower  
  168  9:05  Concussive Shells  
  168  9:06  Terran Vehicle Weapons Level 1  
  168  9:08  Refinery  
  168  9:09  Refinery  
  168  9:11  Marauder  
  168  9:12  SCV x2  
  168  9:13  SCV  
  170  9:18  Ghost Academy, Barracks, Siege Tank  
  170  9:19  Barracks x2  
  170  9:30  Siege Tank  
  173  9:32  Supply Depot  
  173  9:34  Supply Depot  
  173  9:36  Command Center  
  173  9:44  Missile Turret  
  172  9:51  Command Center, Siege Tank  
  175  9:52  Command Center  
  175  10:02  Siege Tank  
  175  10:03  Medivac x2  
  175  10:06  Barracks Tech Lab x2  
  175  10:07  Barracks Tech Lab, Ghost  
  182  10:23  Siege Tank  
  169  10:31  Ghost x3  
  169  10:34  Siege Tank, Marine x2, Marauder  
  169  10:35  SCV  
  164  10:37  Marauder  
  164  10:38  SCV  
  164  10:39  SCV  
  164  10:41  Marine x4  
  163  10:47  SCV  
  164  10:51  Bunker, Sensor Tower, Marine, SCV  
  164  10:52  Missile Turret, Marine  
  164  10:53  Bunker, Missile Turret x2, Orbital Command  
  164  10:55  Siege Tank, Marauder  
  172  10:57  Marine  
  173  11:06  Siege Tank  
  176  11:11  Ghost  
  176  11:13  SCV  
  176  11:16  Ghost  
  181  11:19  Command Center  
  181  11:20  Orbital Command  
  181  11:27  Siege Tank  
  184  11:34  Missile Turret, Ghost  
  184  11:38  Siege Tank  
  168  11:40  Marine x9  
  168  11:45  Marine  
  178  11:55  Missile Turret  
  178  11:57  Command Center  
  178  11:58  Marine x7  
  178  11:59  Siege Tank  
  178  12:00  Marine x2  
  190  12:02  Marine  
  190  12:03  Marine  
  192  12:10  Siege Tank  
  173  12:16  Marine x7  
  173  12:18  Marine x2  
  173  12:20  Marine  
  173  12:21  Marine  
  158  12:26  SCV x3, Orbital Command  
  151  12:31  Siege Tank  
  151  12:33  Marine, Ghost  
  151  12:34  Marine x4  
  151  12:36  Ghost x2  
  165  12:38  SCV x2  
  165  12:40  SCV  
  165  12:42  Siege Tank  
  165  12:43  Sensor Tower  
  171  12:50  SCV x2  
  173  12:51  SCV  
  160  13:01  Ghost x2  
  160  13:02  Marine x7  
  160  13:03  Siege Tank  
  160  13:04  Marine  
  160  13:05  Marine  
  161  13:10  Refinery  
  161  13:14  Siege Tank  
  161  13:19  SCV  
  165  13:20  SCV x3, Marine x6  
  165  13:21  Marauder  
  165  13:22  Marine  
  165  13:23  Marauder  
  179  13:30  Ghost x2  
  183  13:41  Command Center  
Tags
 
Add a new tag
Caveats
  • Supply blocks, unpowered buildings, or Contaminate may cause inaccurate times.
  • Supply counts are checked every 10 seconds.